 Dungeon Crawl Stone Soup version 0.28.0-53-g5a82cb258f (webtiles) character file.

Game seed: 10335711444520688953

260 Jerry the Chucker (level 5, 0/52 HPs)
             Began as a Troll Hunter on July 1, 2022.
             Slain by a phantom (7 damage)
             ... on level 1 of the Dungeon.
             The game lasted 00:08:34 (2371 turns).

Jerry the Chucker (Troll Hunter)                    Turns: 2371, Time: 00:08:34

Health: 0/52       AC:  4    Str: 20    XL:     5   Next: 95%
Magic:  4/4        EV: 10    Int:  7    God:
Gold:   266        SH:  0    Dex: 12    Spells: 4/4 levels left

rFire   . . .      SeeInvis .   h - +0 whip
rCold   . . .      Faith    .   (no shield)
rNeg    . . .      Spirit   .   b - +0 robe
rPois   .          Reflect  .   (helmet restricted)
rElec   .          Harm     .   (no cloak)
rCorr   .          Rampage  .   (gloves unavailable)
Will    .....                   (boots unavailable)
Stlth   +.........              (no amulet)
HPRegen 0.97/turn               (no ring)
MPRegen 0.09/turn               (no ring)

@: no status effects
A: large, unfitting armour, claws 3, regeneration 1, shaggy fur 1, tough skin 1
a: no special abilities


You were on level 1 of the Dungeon.
You visited 1 branch of the dungeon, and saw 3 of its levels.

You collected 266 gold pieces.

Inventory:

Hand Weapons
 h - a +0 whip (weapon)
Missiles
 c - a large rock (quivered)
 d - 2 throwing nets
Armour
 b - a +0 robe (worn)
Scrolls
 a - a scroll of enchant weapon {unknown}
 g - a scroll of torment {unknown}
 i - 3 scrolls of identify {unknown}
 j - a scroll of magic mapping {unknown}
 l - a scroll of immolation {unknown}
 m - a scroll of fear {unknown}
Potions
 e - a potion of heal wounds {unknown}
 f - 4 potions of flight {unknown}
 k - a potion of might {unknown}


   Skills:
 + Level 2.9 Fighting
 + Level 2.1 Maces & Flails
 + Level 4.5 Throwing
 + Level 2.9 Dodging
 - Level 0.6 Stealth


You had 4 spell levels left.
You didn't know any spells.
Your spell library was empty.

Dungeon Overview and Level Annotations

Branches:
Dungeon (3/15)

Altars:

Annotations:
D:3 3 runed translucent doors, jaiteiro's ghost, amateur GnEE


Innate Abilities, Weirdness & Mutations

You are too large for most types of armour.
You have claws for hands.
Your natural rate of healing is unusually fast.
You are covered in fur. (AC +1)
You have tough skin. (AC +1)


Message History

The phantom closely misses you.
You closely miss the phantom.
The phantom is heavily damaged.
The phantom hits you but does no damage.
You miss the phantom.
The phantom is heavily damaged.
The phantom hits you.
The phantom blinks!
You blink.
You barely miss the phantom.
The phantom is heavily damaged.
The phantom hits you.
The phantom blinks!
You blink.
You closely miss the phantom.
The phantom is heavily damaged.
The phantom hits you but does no damage.
You hit the phantom.
The phantom is severely damaged.
The phantom hits you.
You closely miss the phantom.
The phantom is severely damaged.
The phantom hits you.
* * * LOW HITPOINT WARNING * * *
The phantom blinks!
You blink.
The phantom hits you but does no damage.
You hit the phantom.
The phantom is severely damaged.
The phantom hits you!
* * * LOW HITPOINT WARNING * * *
You hit the phantom but do no damage.
The phantom is severely damaged.
The phantom hits you.
* * * LOW HITPOINT WARNING * * *
The phantom blinks!
You blink.
You are too injured to fight recklessly!
Throw: 2 large rocks
Press: ? - help, Q - select action, (/) - cycle Shift-Dir - straight line, f - phantom
Aim: a phantom (severely damaged, 50% to hit)
You throw a large rock.
The large rock closely misses the phantom.
The phantom hits you but does no damage.
The phantom hits you!
You die...

..........##......#.#..#.####....
##.###...###.....................
.........................#.......
.................................
..............)..##......##.#.#..
##.###...###..#..##.........#.#.#
.................................
##.###...###.ยงยง..##..............
.........(.....W@##..............
##..............................#
##.#.#...###..#..##..#...#..#...#
##.#.#...###.....................
..............#..##......#..#...#
##.#.#...##.................#...#
##.#.............................
##.#............................#
.#...............[..........#.#.#


You could see a phantom.

Vanquished Creatures
  Sigmund (D:3)
  Jessica (D:3)
  An adder (D:3)
  4 dart slugs
  4 orcs
  2 bats
  5 endoplasms
  2 giant cockroaches
  A goblin (D:2)
  7 hobgoblins
  6 jackals
  3 quokkas
  3 ball pythons
  5 frilled lizards
  5 kobolds
  4 rats (D:1)
54 creatures vanquished.

Vanquished Creatures (others)
  4 toadstools (D:2)
4 creatures vanquished.

Grand Total: 58 creatures vanquished

Notes
Turn   | Place    | Note
-------+----------+-------------------------------------------
     0 | D:1      | Jerry the Troll Hunter began the quest for the Orb.
     0 | D:1      | Reached XP level 1. HP: 19/19 MP: 0/0
   123 | D:1      | Reached XP level 2. HP: 28/28 MP: 1/1
   978 | D:2      | Reached XP level 3. HP: 35/35 MP: 2/2
  1532 | D:2      | Found a faded altar of an unknown god.
  1610 | D:3      | Noticed Jessica
  1610 | D:3      | Noticed Sigmund
  1710 | D:3      | Reached skill level 4 in Throwing
  1873 | D:3      | Killed Jessica
  1874 | D:3      | Reached skill level 1 in Maces & Flails
  1874 | D:3      | Reached XP level 4. HP: 24/44 MP: 3/3
  2225 | D:3      | Found a runed translucent gate.
  2228 | D:3      | Noticed jaiteiro's ghost (amateur GnEE)
  2230 | D:3      | Found a runed translucent gate.
  2230 | D:3      | Found a runed translucent gate.
  2290 | D:3      | Noticed a phantom
  2323 | D:3      | Killed Sigmund
  2324 | D:3      | Reached XP level 5. HP: 47/52 MP: 4/4
  2371 | D:1      | Slain by a phantom

Illustrated notes

Levels and vault maps discovered:
D:1:      onia_arrival_mini_maze_b, layout_basic, lemuel_another_geyser
D:2:      layout_rooms, shapermc_ecumenical_altar_pompeii, serial_forest,
          infiniplex_forest_lined_corner, infiniplex_forest_end_3,
          infiniplex_forest_clump_large, infiniplex_forest_clump_tiny,
          infiniplex_forest_clump_tiny, minmay_misc_feat_plants,
          grunt_decor_arrowhead, minmay_gold_behind_fungi
D:3:      layout_rooms, ebering_ghost_rock_garden, minmay_misc_feat_x,
          minmay_between, uniq_jessica, uniq_sigmund

Skill      XL: |  1  2  3  4 |
---------------+-------------+-----
Fighting       | 2 |  2.9
Dodging        | 2 |  2.9
Throwing       | 4 |  4.5
Maces & Flails | 1 2 |  2.1
Stealth        | |  0.6

Action                   |  1- 3 |  4- 6 || total
-------------------------+-------+-------++-------
Melee: Short sword       |    59 |       ||    59
       Whip              |   118 |    51 ||   169
       Punch             |     3 |     1 ||     4
Throw: Large rock        |       |     9 ||     9
 Stab: Sleeping          |     1 |       ||     1
Armor: Robe              |    66 |    30 ||    96
Dodge: Dodged            |    80 |    44 ||   124
